Map: Cyber Forest LE

Players

OGZest (Zest) - Winner!

  • Race: Protoss Protoss
  • Spawn Location: 11:00

Kas

  • Race: Terran Terran
  • League: Master
  • Spawn Location: 5:00

Event: HomeStory Cup XIX

VOD

Have the link to the VOD?

Description

Time

  • Played on: June 28, 2019, 3:03 p.m.
  • Length: 9:08

All games in this series

Show
View Real Time Build Order
Export as new Build Order

OGZest Protoss - Winner!

Build Orders: 1 Gate Expand, Blink Stalkers, Chargelot Immortal 

Get SALT Encoding   

  12  0:00  Probe  
  13  0:12  Probe  
  14  0:17  Pylon  
  14  0:23  Probe  
  15  0:32  Probe  
  15  0:38  Gateway  
  15  0:40  Probe  
  16  0:47  Assimilator  
  17  0:51  Probe  
  18  1:03  Probe  
  19  1:15  Probe  
  20  1:25  Cybernetics Core  
  20  1:33  Nexus  
  20  1:36  Probe  
  21  1:43  Pylon  
  21  1:48  Probe  
  21  1:51  Assimilator, Adept  
  22  2:00  Probe  
  25  2:04  Warp Gate  
  25  2:11  Adept  
  25  2:12  Probe  
  28  2:25  Probe  
  28  2:31  Twilight Council  
  28  2:33  Adept  
  29  2:37  Probe  
  31  2:48  Probe  
  31  2:49  Probe  
  33  3:00  Probe  
  33  3:01  Stalker, Probe  
  33  3:02  Blink  
  37  3:13  Probe x2  
  37  3:19  Gateway  
  39  3:25  Robotics Facility  
  39  3:27  Probe  
  39  3:29  Probe  
  41  3:39  Probe  
  41  3:41  Probe, Gateway  
  41  3:51  Probe  
  41  3:52  Probe  
  41  3:54  Pylon  
  43  3:57  Pylon  
  43  4:01  Probe  
  43  4:03  Probe  
  43  4:09  Probe  
  45  4:14  Observer  
  45  4:15  Probe  
  47  4:17  Nexus  
  47  4:19  Probe  
  49  4:28  Probe  
  50  4:33  Observer  
  50  4:36  Stalker x3  
  57  4:40  Assimilator  
  57  4:42  Pylon  
  57  4:44  Probe  
  57  4:45  Probe  
  57  4:53  Pylon  
  57  4:56  Probe  
  57  4:57  Probe  
  59  5:03  Observer  
  59  5:04  Charge  
  60  5:13  Probe x2  
  62  5:17  Stalker x3  
  62  5:18  Immortal  
  68  5:22  Observer  
  68  5:34  Forge  
  72  5:40  Gateway  
  72  5:41  Probe, Gateway  
  74  5:42  Probe  
  74  5:44  Gateway  
  74  5:46  Probe  
  75  5:51  Protoss Ground Armor Level 1  
  75  5:59  Immortal  
  75  6:01  Probe  
  75  6:02  Probe, Sentry  
  75  6:03  Zealot x2  
  75  6:04  Probe  
  88  6:14  Pylon  
  88  6:16  Probe  
  88  6:17  Probe x2  
  88  6:18  Pylon  
  91  6:22  Pylon  
  91  6:29  Immortal  
  91  6:31  Pylon  
  95  6:43  Forge  
  95  6:44  Gateway  
  95  6:45  Gateway  
  95  6:49  Zealot x5  
  105  6:56  Immortal  
  105  7:05  Observer  
  109  7:14  Probe x3, Pylon  
  112  7:19  Observer  
  112  7:22  Zealot x6  
  120  7:34  Pylon  
  120  7:35  Nexus  
  120  7:38  Pylon  
  120  7:44  Zealot  
  122  7:52  Immortal  
  123  8:01  Stalker x2  
  123  8:02  Stalker x5  
  127  8:09  Zealot  
  113  8:25  Zealot x2  
  113  8:26  Zealot x5  
  127  8:31  Warp Prism  
  129  8:49  Zealot x8  
Show
View Real Time Build Order
Export as new Build Order

Kas Terran 

Build Orders: Reaper Expand 

Get SALT Encoding   

  12  0:00  SCV  
  13  0:12  SCV  
  14  0:17  Supply Depot  
  14  0:24  SCV  
  15  0:38  SCV  
  15  0:41  Barracks  
  16  0:48  Refinery  
  16  0:51  SCV  
  17  1:03  SCV  
  18  1:15  SCV  
  19  1:28  Orbital Command  
  19  1:31  Reaper  
  20  1:39  Command Center  
  20  1:49  Supply Depot  
  20  1:54  SCV  
  21  2:03  Marine  
  21  2:05  Bunker  
  21  2:06  SCV  
  23  2:13  Factory  
  23  2:19  SCV  
  24  2:29  Barracks Reactor  
  24  2:31  SCV  
  25  2:38  Refinery  
  25  2:45  SCV  
  25  2:51  Orbital Command  
  25  2:56  Barracks  
  25  2:58  Factory Tech Lab  
  25  2:59  SCV  
  26  3:10  Marine x2  
  26  3:11  SCV  
  29  3:16  Cyclone  
  32  3:23  SCV  
  32  3:24  SCV  
  34  3:27  Marine x2  
  35  3:39  SCV x2  
  37  3:45  Marine  
  38  3:51  Siege Tank  
  38  3:52  Barracks Tech Lab  
  38  3:53  Marine  
  38  3:54  SCV  
  42  3:57  SCV  
  42  4:00  Supply Depot  
  43  4:03  Marine  
  43  4:06  SCV  
  45  4:10  Marine  
  45  4:13  Stimpack  
  46  4:21  Marine x2, SCV x2  
  50  4:25  Starport  
  50  4:28  Barracks, Marine  
  50  4:30  Refinery  
  51  4:33  SCV  
  51  4:36  Factory Reactor, Supply Depot  
  52  4:38  SCV  
  53  4:46  SCV  
  53  4:48  Supply Depot  
  54  4:58  Marauder  
  54  4:59  SCV  
  58  5:00  SCV  
  58  5:03  Marine x2  
  60  5:10  Refinery, Supply Depot  
  60  5:11  Engineering Bay  
  60  5:12  SCV x2  
  62  5:15  Combat Shield  
  62  5:20  Medivac x2  
  66  5:24  SCV x2  
  70  5:28  Marauder  
  70  5:32  Marauder, Supply Depot  
  72  5:37  Supply Depot  
  72  5:39  Terran Infantry Weapons Level 1  
  69  5:43  SCV x2  
  69  5:44  Marine x2  
  75  5:50  Marauder  
  75  5:53  Marauder  
  75  5:55  SCV  
  77  6:04  Marine x2  
  75  6:05  Medivac  
  81  6:11  Marauder  
  81  6:14  SCV  
  81  6:15  Marauder  
  81  6:17  Factory Reactor  
  84  6:18  SCV  
  84  6:20  Supply Depot x3  
  84  6:23  Marine x2  
  84  6:24  Liberator  
  84  6:25  Medivac  
  88  6:26  SCV  
  88  6:31  SCV  
  92  6:33  Marauder  
  92  6:36  Marauder  
  94  6:41  Marine x2  
  99  6:52  Command Center  
  101  6:54  Marauder  
  101  6:58  SCV  
  101  6:59  Marauder  
  94  7:09  Marine x2  
  94  7:10  Widow Mine x2  
  94  7:12  Medivac  
  94  7:13  Supply Depot  
  104  7:15  Marauder  
  104  7:17  Liberator  
  104  7:21  Marauder, SCV  
  106  7:23  Concussive Shells  
  106  7:28  Liberator  
  106  7:29  Marine x2  
  108  7:30  Barracks x2  
  108  7:34  Widow Mine x2  
  117  7:37  Marauder, SCV  
  117  7:42  SCV  
  113  8:02  Marauder x2, Marine x2  
  108  8:06  Liberator  
  98  8:19  Marine x2  
  91  8:21  SCV  
  91  8:24  Marauder x2, Widow Mine x2  
  101  8:33  Orbital Command  
  102  8:35  SCV x2  
  102  8:50  SCV x2  
  102  8:53  Barracks Reactor, Barracks Tech Lab  
Tags
 
Add a new tag
Caveats
  • Supply blocks, unpowered buildings, or Contaminate may cause inaccurate times.
  • Supply counts are checked every 10 seconds.